 Dungeon Crawl Stone Soup version 0.28-a0-1565-g95a8017c83 (webtiles) character file.

Game seed: 9585183394446120003

6 sanka the Prestidigitator (level 1, -1/13 HPs)
             Began as a Gnoll Wanderer on Jan 19, 2022.
             Slain by a goblin (2 damage)
             ... on level 1 of the Dungeon.
             The game lasted 00:00:21 (99 turns).

sanka the Prestidigitator (Gnoll Wanderer)            Turns: 99, Time: 00:00:21

Health: -1/13      AC:  2    Str: 10    XL:     1   Next: 90%
Magic:  1/1        EV: 11    Int: 10    God:
Gold:   5          SH:  0    Dex: 13    Spells: 0/0 levels left

rFire   . . .      SeeInvis .   a - +0 dagger
rCold   . . .      Faith    .   (no shield)
rNeg    . . .      Spirit   .   c - +0 robe
rPois   .          Reflect  .   (no helmet)
rElec   .          Harm     .   (no cloak)
rCorr   .          Rampage  .   (no gloves)
Will    .....                   (no boots)
Stlth   ++........              (no amulet)
HPRegen 0.04/turn               (no ring)
MPRegen 0.07/turn               (no ring)

@: no status effects
A: fangs 1, strong nose, distributed training
a: no special abilities


You were on level 1 of the Dungeon.
You visited 1 branch of the dungeon, and saw 1 of its levels.

You collected 5 gold pieces.


Innate Abilities, Weirdness & Mutations

You have very sharp teeth.
Your uncanny sense of smell can sniff out nearby items.
Your experience applies equally to all skills.


   Skills:
 + Level 0.2 Fighting
 + Level 0.2 Short Blades
 + Level 0.2 Long Blades
 + Level 0.2 Axes
 + Level 0.2 Maces & Flails
 + Level 0.2 Polearms
 + Level 0.2 Staves
 + Level 0.2 Slings
 + Level 0.2 Bows
 + Level 0.2 Crossbows
 + Level 2.4 Throwing
 + Level 0.2 Armour
 + Level 0.2 Dodging
 + Level 2.2 Stealth
 + Level 0.2 Shields
 + Level 6.4 Unarmed Combat
 + Level 0.2 Spellcasting
 + Level 0.1 Conjurations
 + Level 0.1 Hexes
 + Level 0.1 Summonings
 + Level 0.1 Necromancy
 + Level 0.1 Translocations
 + Level 0.1 Transmutations
 + Level 0.1 Fire Magic
 + Level 0.1 Ice Magic
 + Level 0.1 Air Magic
 + Level 0.1 Earth Magic
 + Level 0.1 Poison Magic
 + Level 0.3 Invocations
 + Level 10.4 Evocations


You couldn't memorise any spells.
You didn't know any spells.
Your spell library was empty.

Inventory:

Hand Weapons
 a - a +0 dagger (weapon)
Armour
 c - a +0 robe (worn)
Wands
 d - a wand of charming (9) (quivered)
Scrolls
 e - a scroll of summoning {unknown}
Potions
 b - 2 potions of lignification {!q}

Dungeon Overview and Level Annotations

Branches:
Dungeon (1/15)

Altars:

▒. ▒. ▒.▒ ▒▒ ▒..
... .. ▒▒▒▒.▒ ▒.▒
.▒ ......▒▒.▒ .▒
∆ .......... .▒
...▒..▒.▒▒▒▒▒▒▒.▒
............rgg.▒
▒▒▒▒.▒.▒▒▒▒▒▒▒▒▒
▒...▒.. ▒▒..▒.▒
▒.>▒.▒▒▒
▒......▒▒▒
▒........▒▒▒▒▒
▒.....[.▒▒≈≈≈▒▒
▒......▒▒≈≈P≈≈▒▒


You could see a goblin and a rat.


Message History

The quokka closely misses you.
You hit the quokka but do no damage. The quokka bites you.
* * * LOW HITPOINT WARNING * * *
You hit the quokka but do no damage. The quokka barely misses you.
You hit the quokka.
The quokka is heavily wounded.
The quokka closely misses you.
You hit the quokka but do no damage.
The quokka is heavily wounded.
The quokka barely misses you.
You closely miss the quokka.
The quokka is heavily wounded.
The quokka closely misses you.
The rat twitches its whiskers.
The quokka bites you.
* * * LOW HITPOINT WARNING * * *
You hit the quokka.
You kill the quokka!
You hit the rat. You punch the rat.
You kill the rat!
You closely miss the goblin. The goblin barely misses you.
You barely miss the goblin. The goblin hits you but does no damage.
You closely miss the goblin. The goblin hits you with a +0 dagger.
You die...

Action                   || total
-------------------------++-------
Melee: Dagger            ||    38
       Bite              ||     2
       Punch             ||     1
Armor: Robe              ||    17
Dodge: Dodged            ||    22

Levels and vault maps discovered:
D:1:      lightli_arrival_statuegarden, layout_basic

Notes
Turn   | Place    | Note
-------+----------+-------------------------------------------
     0 | D:1      | Reached skill level 10 in Evocations
     0 | D:1      | sanka the Gnoll Wanderer began the quest for the Orb.
     0 | D:1      | sanka set off with the following items: a +0 dagger, 2
                  | potions of lignification {!q}, a +0 robe, a wand of
                  | charming (9)
     0 | D:1      | Reached XP level 1. HP: 13/13 MP: 1/1
    94 | D:1      | HP: 1/13 [quokka (4)]
    99 | D:1      | Slain by a goblin

Vanquished Creatures
  A bat (D:1)
  A giant cockroach (D:1)
  A hobgoblin (D:1)
  A quokka (D:1)
  A rat (D:1)
5 creatures vanquished.
